Map: Inside and Out

Players

gumiho - Winner!

  • Race: Terran Terran
  • Spawn Location: 1:00

PappiJoe

  • Race: Protoss Protoss
  • Spawn Location: 7:00

Event: HomeStory Cup XXII

VOD

Have the link to the VOD?

Description

Time

  • Played on: Dec. 15, 2022, 2:49 p.m.
  • Length: 7:20

All games in this series

Show
View Real Time Build Order
Export as new Build Order

gumiho Terran - Winner!

Build Orders: Cyclone Opening 

Get SALT Encoding   

  12  0:00  SCV  
  13  0:12  SCV  
  14  0:17  Supply Depot  
  14  0:24  SCV  
  15  0:39  SCV  
  15  0:40  Barracks  
  16  0:45  Refinery  
  16  0:51  SCV  
  16  0:55  Refinery  
  17  1:03  SCV  
  18  1:15  SCV  
  19  1:27  Reaper, Orbital Command  
  20  1:44  Factory  
  20  1:48  Supply Depot  
  20  1:51  Bunker  
  20  1:55  SCV  
  20  1:59  Reaper  
  22  2:07  SCV  
  23  2:19  SCV  
  24  2:31  SCV  
  24  2:33  Reaper  
  24  2:37  Factory Tech Lab  
  26  2:41  Command Center  
  25  2:46  SCV  
  25  2:49  Barracks  
  26  2:55  Cyclone  
  26  2:58  SCV  
  30  3:03  Barracks  
  30  3:10  SCV  
  31  3:13  Supply Depot  
  31  3:29  Starport  
  31  3:35  SCV  
  32  3:43  Barracks Reactor  
  32  3:44  Siege Tank  
  32  3:47  SCV  
  36  3:59  SCV  
  37  4:06  Barracks Tech Lab  
  37  4:10  Medivac  
  37  4:11  SCV  
  37  4:12  Orbital Command  
  40  4:23  SCV  
  41  4:25  Supply Depot  
  41  4:26  Stimpack  
  41  4:27  Marine x4  
  45  4:33  Engineering Bay  
  45  4:34  Refinery  
  45  4:35  SCV  
  47  4:38  SCV  
  47  4:44  Marine x2  
  47  4:45  Marine x2  
  50  4:48  SCV  
  50  4:50  Siege Tank  
  50  4:52  Starport Reactor  
  55  4:55  SCV  
  55  4:58  Refinery  
  56  5:02  Marine  
  56  5:04  Marine x2  
  60  5:07  Terran Infantry Weapons Level 1  
  60  5:09  SCV  
  60  5:10  SCV  
  62  5:14  Supply Depot  
  62  5:16  Barracks Reactor  
  62  5:17  Supply Depot  
  61  5:31  Marine  
  62  5:36  Marine x2  
  62  5:38  SCV  
  62  5:39  SCV  
  62  5:42  Medivac x2  
  70  5:47  Supply Depot  
  70  5:49  Marine  
  71  5:51  Supply Depot, SCV x2  
  71  5:52  Marine x2  
  75  6:03  SCV x2  
  77  6:05  Marine  
  77  6:08  Marine  
  79  6:15  SCV x2  
  81  6:22  Marine  
  81  6:23  Marine  
  80  6:27  SCV  
  80  6:28  SCV  
  78  6:36  Marauder, Marine x2  
  78  6:37  Medivac  
  78  6:38  Medivac  
  78  6:39  SCV  
  86  6:40  SCV  
  86  6:45  Supply Depot  
  86  6:46  Supply Depot  
  87  6:52  SCV x2  
  88  6:57  Marauder  
  88  6:59  Command Center  
  98  7:20  Barracks  
Show
View Real Time Build Order
Export as new Build Order

PappiJoe Protoss 

Build Orders: 1 Gate Expand 

Get SALT Encoding   

  12  0:00  Probe  
  13  0:12  Probe  
  14  0:17  Pylon  
  14  0:24  Probe  
  15  0:28  Assimilator  
  15  0:36  Probe (Chrono Boost)  
  15  0:41  Gateway  
  16  0:48  Probe (Chrono Boost)  
  17  0:53  Probe (Chrono Boost)  
  18  1:03  Probe  
  19  1:15  Probe  
  20  1:21  Nexus  
  20  1:30  Cybernetics Core  
  20  1:35  Probe  
  20  1:38  Assimilator  
  21  1:47  Probe  
  22  1:49  Pylon  
  22  1:59  Probe  
  23  2:05  Stalker (Chrono Boost)  
  23  2:08  Shield Battery  
  25  2:09  Warp Gate  
  25  2:13  Probe  
  24  2:25  Probe  
  24  2:34  Probe  
  25  2:37  Probe  
  25  2:39  Sentry  
  27  2:46  Probe (Chrono Boost)  
  28  2:51  Shield Battery  
  28  2:56  Probe (Chrono Boost)  
  28  2:58  Probe (Chrono Boost)  
  30  3:05  Sentry  
  33  3:06  Probe x2 (Chrono Boost)  
  34  3:16  Probe  
  34  3:18  Probe  
  34  3:25  Robotics Facility  
  34  3:28  Probe  
  34  3:30  Probe  
  36  3:36  Gateway  
  36  3:40  Probe  
  37  3:43  Probe  
  37  3:45  Gateway  
  38  3:52  Probe  
  38  3:55  Probe  
  39  3:59  Stalker  
  41  4:04  Probe  
  41  4:06  Phoenix  
  41  4:07  Probe  
  41  4:08  Pylon  
  42  4:13  Observer (Chrono Boost)  
  42  4:16  Probe  
  44  4:19  Probe  
  45  4:27  Stalker  
  45  4:28  Probe  
  49  4:31  Probe  
  49  4:33  Immortal (Chrono Boost)  
  53  4:39  Pylon  
  53  4:40  Probe  
  53  4:44  Nexus  
  54  4:50  Pylon  
  54  4:55  Assimilator  
  54  4:57  Probe x2  
  54  4:59  Assimilator  
  56  5:03  Shield Battery  
  55  5:10  Robotics Bay, Probe x2  
  55  5:12  Observer  
  58  5:22  Probe x2  
  58  5:23  Twilight Council  
  58  5:25  Stalker  
  58  5:27  Stalker  
  58  5:28  Stalker  
  66  5:34  Probe  
  62  5:42  Probe  
  61  5:46  Probe  
  62  5:56  Immortal (Chrono Boost), Probe  
  67  5:57  Probe  
  67  5:58  Probe  
  67  5:59  Zealot, Stalker  
  73  6:08  Probe, Pylon  
  73  6:09  Probe  
  73  6:10  Probe  
  76  6:11  Shield Battery  
  76  6:15  Pylon  
  76  6:17  Pylon  
  76  6:19  Zealot  
  76  6:25  Zealot x2, Immortal (Chrono Boost)  
  67  6:37  Probe  
  62  6:41  Zealot  
  64  6:52  Probe  
  64  6:54  Zealot x2  
  63  6:55  Probe  
  63  7:05  Zealot  
  63  7:06  Probe  
Tags
 
Add a new tag
Caveats
  • Supply blocks, unpowered buildings, or Contaminate may cause inaccurate times.
  • Supply counts are checked every 10 seconds.